 Dungeon Crawl Stone Soup version 0.29.1-2-gbd0b4ee654 (webtiles) character file.

Game seed: 10826060400955422513

830 GorkyZ the Trooper (level 7, -10/55 HPs)
             Began as a Demonspawn Fighter on Nov 19, 2022.
             Was an Initiate of Makhleb.
             Killed by divine providence
             ... invoked by an orc priest
              (12 damage)
             ... on level 6 of the Dungeon.
             The game lasted 00:13:54 (5015 turns).

GorkyZ the Trooper (Demonspawn Fighter)             Turns: 5015, Time: 00:13:55

Health: -10/55     AC: 14    Str: 18    XL:     7   Next: 65%
Magic:  9/9        EV:  8    Int:  9    God:    Makhleb [......]
Gold:   278        SH:  9    Dex: 16    Spells: 6/6 levels left

rFire   . . .      SeeInvis .   t - +9 hammer of the Maze {drain, rPois rN+++ Will- Dex+3}
rCold   . . .      Faith    .   c - +0 buckler
rNeg    + + +      Spirit   .   e - +0 chain mail
rPois   +          Reflect  .   (no helmet)
rElec   .          Harm     .   (no cloak)
rCorr   .          Rampage  .   j - +0 pair of gloves
Will    .....                   (no boots)
Stlth   ..........              (no amulet)
HPRegen 0.18/turn               (no ring)
MPRegen 0.11/turn               (no ring)

@: no status effects
A: claws 1, icemail 1, powered by death 1, condensation shield
a: Renounce Religion


You were on level 6 of the Dungeon.
You worshipped Makhleb.
Makhleb was noncommittal.
You visited 1 branch of the dungeon, and saw 6 of its levels.
You also visited: Sewer.

You collected 278 gold pieces.

Inventory:

Hand Weapons
 a - a +0 flail
 t - the +9 hammer of the Maze (weapon) {drain, rPois rN+++ Will- Dex+3}
   (You found it on level 2 of the Dungeon)

   A truly terrible weapon, it drains the life of any living foe it strikes.
   Dex:       It affects your dexterity (+3).
   rPois:     It protects you from poison.
   rN:        It renders you almost immune to negative energy.
   Will:      It decreases your willpower.
Missiles
 m - 3 javelins (quivered)
 n - 6 boomerangs
 C - 2 poisoned darts
Armour
 b - a +0 scale mail
 c - a +0 buckler (worn)
 e - a +0 chain mail (worn)
 j - a +0 pair of gloves (worn)
 u - a +1 chain mail of fire resistance
Wands
 l - a wand of mindburst (3)
Scrolls
 f - 2 scrolls of enchant weapon
 h - 2 scrolls of noise {unknown}
 i - a scroll of immolation {unknown}
 o - 2 scrolls of vulnerability {unknown}
 q - 6 scrolls of teleportation {unknown}
 v - 4 scrolls of amnesia {unknown}
 x - a scroll of blinking {unknown}
 y - a scroll of magic mapping {unknown}
 B - a scroll of poison {unknown}
Potions
 d - a potion of might
 g - 3 potions of brilliance
 k - 2 potions of invisibility {unknown}
 p - a potion of attraction
 r - 2 potions of mutation
 s - a potion of curing {unknown}
 w - 2 potions of heal wounds {unknown}
 z - 2 potions of resistance {unknown}
 A - 2 potions of berserk rage {unknown}
 D - a potion of haste {unknown}


   Skills:
 + Level 4.3 Fighting
 + Level 3.3 Maces & Flails
 + Level 2.8 Throwing
 + Level 4.0 Armour
 + Level 2.8 Dodging
 + Level 3.8 Shields
 + Level 3.8 Invocations


You had 6 spell levels left.
You didn't know any spells.
Your spell library contained the following spells:

 Spells                   Type           Power      Damage    Failure   Level
 Gell's Gravitas          Tloc           0%         N/A       100%        3
 Teleport Other           Tloc           0%         N/A       100%        3
 Dispersal                Tloc           0%         N/A       100%        6


Dungeon Overview and Level Annotations

Branches:
Dungeon (6/15)              Sewer (visited)
 Temple: D:4-7

Altars:
Makhleb
Ru

Shops:
D:1 [   D:2 [


Innate Abilities, Weirdness & Mutations

You have sharp fingernails.
A meltable icy envelope protects you from harm. (AC +4)
You regenerate a little health from kills.
A meltable shield of frost defends you. (SH +4)


Message History

The orc priest calls down the wrath of Beogh upon you.
Beogh smites you!
Things that are here:
a +0 dagger; a +0 leather armour You are too injured to fight recklessly!
You are too injured to fight recklessly!
You are too injured to fight recklessly!
You are too injured to fight recklessly!
You are too injured to fight recklessly!
You are too injured to fight recklessly!
You are too injured to fight recklessly!
You are too injured to fight recklessly!
You are too injured to fight recklessly!
You are too injured to fight recklessly!
You are too injured to fight recklessly!
You are too injured to fight recklessly!
You are too injured to fight recklessly!
You are too injured to fight recklessly!
You are too injured to fight recklessly!
You are too injured to fight recklessly!
You are too injured to fight recklessly!
Unknown command.
You completely miss the orc priest.
The orc priest mumbles some strange prayers to Beogh against you.
Beogh smites you!
* * * LOW HITPOINT WARNING * * *
The orc priest hits you but does no damage.
You hit the orc priest.
The orc priest is moderately wounded.
You block the orc priest's attack.
You hit the orc priest.
The orc priest is heavily wounded.
The orc priest mumbles some strange prayers to Beogh against you.
Beogh smites you!
* * * LOW HITPOINT WARNING * * *
You barely miss the orc priest.
The orc priest is heavily wounded.
The orc priest calls down the wrath of Beogh upon you.
Beogh smites you!
You die...

#.# .# #
#.##.##.#
#.#.... # #
#.#..# .#
#.#.#..#..#
#..<......#
#####.##.##
#)# .. #@#
##
#...o...=#
#.##.###.#
# ... ###


You could see an orc priest.

Vanquished Creatures
  Sigmund (D:5)
  A scorpion (D:5)
  2 jellies
  4 orc priests
  Crazy Yiuf (D:2)
  3 iguanas (D:5)
  5 orc wizards
  7 adders
  3 river rats
  A shadow imp (D:5)
  A white imp (D:5)
  3 dart slugs
  18 orcs
  10 ball pythons
  5 bats
  3 endoplasms
  2 giant cockroaches
  11 goblins
  6 hobgoblins
  2 jackals (D:2)
  7 kobolds
  3 quokkas
  6 frilled lizards
  11 rats
116 creatures vanquished.

Vanquished Creatures (others)
  2 fungi (D:2)
2 creatures vanquished.

Grand Total: 118 creatures vanquished

Notes
Turn   | Place    | Note
-------+----------+-------------------------------------------
     0 | D:1      | GorkyZ the Demonspawn Fighter began the quest for the Orb.
     0 | D:1      | Reached XP level 1. HP: 18/18 MP: 1/1
    74 | D:1      | Gained mutation: A meltable shield of frost defends you.
                  | (SH +4) [demonic ancestry]
    74 | D:1      | Reached XP level 2. HP: 22/24 MP: 2/2
   113 | D:1      | Found a faded altar of an unknown god.
   192 | D:1      | Found Douloun's Antique Armour Shoppe.
   576 | D:1      | Reached skill level 1 in Dodging
   576 | D:1      | Reached XP level 3. HP: 29/29 MP: 3/3
  1009 | D:2      | Reached skill level 1 in Invocations
  1175 | D:2      | Found Siegu's Antique Armour Shop.
  2121 | D:2      | Found a runed translucent door.
  2122 | D:2      | Identified the +9 hammer of the Maze {drain, rPois rN+++
                  | Will- Dex+3}
  2122 | D:2      | Noticed Crazy Yiuf
  2131 | D:2      | Killed Crazy Yiuf
  2132 | D:2      | Reached skill level 1 in Throwing
  2132 | D:2      | Gained mutation: A meltable icy envelope protects you from
                  | harm. (AC +4) [demonic ancestry]
  2132 | D:2      | Reached XP level 4. HP: 24/35 MP: 3/5
  2361 | D:3      | Gained mutation: You regenerate a little health from kills.
                  | [demonic ancestry]
  2361 | D:3      | Reached XP level 5. HP: 40/41 MP: 6/6
  2561 | D:3      | Found a sacrificial altar of Ru.
  2571 | D:3      | Found a glowing drain.
  2608 | D:3      | Gained mutation: You have sharp fingernails. [demonic
                  | ancestry]
  2608 | D:3      | Reached XP level 6. HP: 24/48 MP: 7/7
  2839 | Sewer    | Entered a sewer
  3232 | D:3      | Found a burning altar of Makhleb.
  3359 | D:3      | Became a worshipper of Makhleb the Destroyer
  4205 | D:5      | Entered Level 5 of the Dungeon
  4414 | D:5      | Reached XP level 7. HP: 54/54 MP: 9/9
  4841 | D:5      | Noticed Sigmund
  4848 | D:5      | Killed Sigmund
  5014 | D:6      | HP: 2/55 [orc priest/divine providence (11)]
  5015 | D:6      | Killed from afar by an orc priest

Illustrated notes

Levels and vault maps discovered:
D:1:      scummos_arrival_simple_fountains, layout_loops_corners,
          shapermc_ecumenical_altar_totnotflames, serial_shops,
          nicolae_shop_crystal
D:2:      layout_basic, serial_shops, nicolae_shop_waterfront,
          minmay_misc_feat_diagonals, hangedman_decor_clover_reticule,
          hangedman_decor_push, minmay_tromino_i2, uniq_crazy_yiuf_cottage
D:3:      layout_loops_ring, lemuel_round_altar, overflow_temple_1_default,
          cheibrodos_sewer_entry_sluice
D:4:      layout_loops_cross
D:5:      layout_gridville, uniq_sigmund
D:6:      layout_loops_corners, serial_shops, shop_scrolls

Skill      XL: |  1  2  3  4  5  6  7 |
---------------+----------------------+-----
Maces & Flails | 2 3 |  3.3
Dodging        | 1 2 |  2.8
Invocations    | 1 2 3 |  3.8
Armour         | 3 4 |  4.0
Throwing       | 1 2 |  2.8
Shields        | 3 |  3.8
Fighting       | 4 |  4.3

Action                   |  1- 3 |  4- 6 |  7- 9 || total
-------------------------+-------+-------+-------++-------
Melee: Flail             |   126 |       |       ||   126
       Mace              |     4 |   124 |    27 ||   155
  Use: Scroll            |       |     4 |       ||     4
 Stab: Sleeping          |       |     2 |       ||     2
Armor: Scale mail        |    52 |    10 |       ||    62
       Skin              |       |    37 |       ||    37
       Chain mail        |       |       |    12 ||    12
Dodge: Dodged            |    53 |    66 |     6 ||   125
Block: Buckler           |    64 |    52 |     8 ||   124
